 Dungeon Crawl Stone Soup version 0.23-a0-169-gb21e695 (console) character file.

5861 swinepaste the Slicer (level 11, 61/61 HPs)
             Began as a Kobold Hunter on Sept 11, 2018.
             Was an Elder of Dithmenos.
             Quit the game on level 9 of the Dungeon.
             The game lasted 00:33:48 (11799 turns).

swinepaste the Slicer (Kobold Hunter)              Turns: 11799, Time: 00:33:49

Health: 61/61      AC:  8    Str: 11    XL:     11   Next: 7%
Magic:  11/11      EV: 21    Int: 12    God:    Dithmenos [****..]
Gold:   451        SH:  0    Dex: 20    Spells: 10/10 levels left

rFire    + . .     SeeInvis .   b - +1 hand crossbow
rCold    . . .     Gourm    .   (shield restricted)
rNeg     . . .     Faith    .   m - +1 robe of Joshro Reoseo {rPois rF+ Int-3}
rPois    +         Spirit   .   (no helmet)
rElec    .         Reflect  .   s - +0 cloak
rCorr    .         Harm     .   (no gloves)
MR       +....                  v - +1 pair of boots
Stlth    +++++++...             (no amulet)
HPRegen  0.20/turn              w - ring of protection from magic
MPRegen  0.12/turn              h - +3 ring of dexterity

@: very slightly contaminated, wreathed by umbra
A: small, icy blue scales 1, blink, carnivore, frail 1, sense surroundings 1,
strong 1
a: Blink, Shadow Step, Renounce Religion


You were on level 9 of the Dungeon.
You worshipped Dithmenos.
Dithmenos was greatly pleased with you.
You were full.

You visited 1 branch of the dungeon, and saw 9 of its levels.

You collected 474 gold pieces.
You spent 23 gold pieces at shops.

Inventory:

Hand Weapons
 a - a +2 short sword of protection
 b - a +1 hand crossbow (weapon)
 e - the +2 rapier of Intimidation {freeze, *Contam Str+3 Int+7 Dex+2}
   (You acquired it on level 9 of the Dungeon)

   It has been specially enchanted to freeze those struck by it, causing extra
   injury to most foes and up to half again as much damage against particularly
   susceptible opponents.
   It can also slow down cold-blooded creatures.
   It affects your strength (+3).
   It affects your intelligence (+7).
   It affects your dexterity (+2).
   It causes magical contamination when unequipped.
 q - a +2 dagger of holy wrath
 u - a +0 short sword
 F - a +1 dagger of venom
Missiles
 d - 53 bolts (quivered)
Armour
 c - a +0 leather armour
 m - the +1 robe of Joshro Reoseo (worn) {rPois rF+ Int-3}
   (You found it on level 4 of the Dungeon)

   It affects your intelligence (-3).
   It protects you from fire.
   It protects you from poison.
 r - a +0 buckler
 s - a +0 cloak (worn)
 v - a +1 pair of boots (worn)
Jewellery
 h - a +3 ring of dexterity (right hand)
 i - an uncursed ring of magical power
 w - a ring of protection from magic (left hand)
 C - an uncursed ring of flight
Wands
 o - a wand of iceblast (5)
 A - a wand of acid (1)
Scrolls
 g - 4 scrolls of remove curse
 j - 11 scrolls of identify
 k - a scroll of enchant armour
 y - 2 scrolls of amnesia
 z - a scroll of magic mapping
Potions
 n - 4 potions of curing
 t - a potion of heal wounds
Comestibles
 f - 15 rations


   Skills:
 - Level 7.7 Fighting
 + Level 11.7 Short Blades
 - Level 8.9 Crossbows
 - Level 7.8 Dodging
 + Level 9.6 Stealth


You had 10 spell levels left.
You didn't know any spells.
Your spell library contained the following spells:

 Spells                   Type           Power        Failure   Level  Hunger
 Confusing Touch          Hex            #.....       32%         1    ##.....
 Corona                   Hex            #......      32%         1    ##.....
 Corpse Rot               Necr           N/A          45%         2    ###....
 Slow                     Hex            #.......     45%         2    ###....
 Confuse                  Hex            #.......     69%         3    ####...
 Gell's Gravitas          Tloc           #.........   69%         3    ####...
 Inner Flame              Hex/Fire       #.......     69%         3    ####...
 Portal Projectile        Hex/Tloc       #.....       69%         3    ####...
 Stone Arrow              Conj/Erth      #.....       69%         3    ####...
 Cause Fear               Hex            #.........   97%         4    #####..
 Leda's Liquefaction      Hex/Erth       #.........   97%         4    #####..
 Petrify                  Tmut/Erth      #.......     97%         4    #####..
 Metabolic Englaciation   Hex/Ice        #.........   100%        5    ######.
 Summon Forest            Summ/Tloc      #.........   100%        5    ######.
 Yara's Violent Unravell  Hex/Tmut       #.........   100%        5    ######.
 Hydra Form               Tmut           #.........   100%        6    #######
 Summon Hydra             Summ           #.........   100%        7    #######


Dungeon Overview and Level Annotations

Branches:
Dungeon (9/15)             Temple (0/1) D:6            Lair (0/6) D:8
    Orc (0/2) D:9

Altars:
Dithmenos
Fedhas
Makhleb
Okawaru
Uskayaw
Vehumet
Wu Jian
Yredelemnul
Zin

Shops:
D:6 *


Innate Abilities, Weirdness & Mutations

You are small and have problems with some larger weapons.
You are carnivorous and can eat meat at any time.
You are partially covered in icy blue scales. (AC +2)
You can translocate small distances at will.
You are frail. (-10% HP)
You passively map a small area around you.
Your muscles are strong. (Str +2)


Message History

Your +0 cloak unmelds from your body.
Your +1 pair of boots unmelds from your body.
The +1 robe of Joshro Reoseo {rPois rF+ Int-3} unmelds from your body.
You see here a kobold corpse.
Search for what [Enter for "cross", or ? for help]? mutation
j - 11 scrolls of identify (gained 1)
Items here: ( ) †† 3 stones; a short sword; a kobold corpse x2
d - 51 bolts (gained 13)
Items here: ( )) ÷÷ a hand crossbow; 9 stones; a short sword; a kobold skeleton x2
You see here a bullfrog skeleton.
d - 52 bolts (gained 1)
You see here a stone.
Things that are here:
a stone; a kobold skeleton
d - 53 bolts (gained 1)
There is a stone staircase leading down here.
Key pressed, stopping travel.
Are you sure you want to abandon this character and quit the game? (Confirm

........# #.# #..# #
........# #.# #..# #
........# #.# #..# #
........####.# #..# #
.............# #..# #
.............# #..# #
........####.#
#..######## ........#
#.##########..........
........#
#<)..K>...............
........#
#....[................
.####...#
#............########.
)# #...#
#.##########.# #. )#
#...# #.# #.# #. )#
#...# #.# #.# #. .#
#...# #.# #.# #. .#
#...# #.# #.# #. .#
#...# #.# #.# #.


There were no monsters in sight!

Vanquished Creatures
  Pikel (D:7)
  A troll (D:9)
  Grinder (D:3)
  A hippogriff (D:8)
  A wyvern (D:8)
  3 yaks (D:9)
  An ice beast (D:9)
  2 orc warriors
  2 phantoms
  2 slaves (D:7)
  A black bear (D:7)
  2 ogres
  2 centaurs (D:7)
  2 crocodiles (D:8)
  2 big kobolds (D:9)
  3 bullfrogs
  A wyvern zombie (D:4)
  2 water moccasin skeletons
  8 scorpions
  3 killer bees (D:8)
  3 wights (D:9)
  7 howler monkeys
  6 crimson imps
  2 centaur zombies
  A jelly (D:7)
  A quasit (D:6)
  2 bullfrog zombies
  Crazy Yiuf (D:3)
  A bullfrog skeleton (D:8)
  A gnoll shaman (D:8)
  3 orc priests
  3 centaur skeletons
  6 hounds
  10 orc wizards
  6 worker ants
  2 hound zombies
  A worker ant zombie (D:9)
  4 howler monkey zombies
  15 adders
  16 gnolls
  3 shadow imps
  An adder skeleton (D:2)
  A worm (D:2)
  2 dart slugs (D:1)
  7 leopard geckos
  32 orcs
  9 bats
  8 giant cockroaches
  6 goblins
  5 hobgoblins
  6 jackals
  A quokka (D:9)
  3 ball pythons
  6 frilled lizards
  A jackal skeleton (D:6)
  30 kobolds
  A leopard gecko skeleton (D:7)
  A quokka skeleton (D:5)
  5 rats
260 creatures vanquished.

Vanquished Creatures (others)
  A leopard gecko (D:7)
  4 orcs (D:7)
5 creatures vanquished.

Grand Total: 265 creatures vanquished

Notes
Turn   | Place    | Note
-------+----------+-------------------------------------------
     0 | D:1      | swinepaste the Kobold Hunter began the quest for the Orb.
     0 | D:1      | Reached XP level 1. HP: 12/12 MP: 1/1
    85 | D:1      | Reached skill level 1 in Short Blades
   220 | D:1      | Reached XP level 2. HP: 17/17 MP: 2/2
   273 | D:1      | Reached skill level 2 in Short Blades
   792 | D:2      | Reached skill level 3 in Short Blades
   792 | D:2      | Reached XP level 3. HP: 21/21 MP: 3/3
   911 | D:2      | Found a faded altar of an unknown god.
  1141 | D:2      | Reached XP level 4. HP: 26/26 MP: 4/4
  1313 | D:2      | Reached skill level 4 in Short Blades
  1547 | D:2      | Reached XP level 5. HP: 23/30 MP: 5/5
  1552 | D:2      | Found a hide-covered altar of Uskayaw.
  2198 | D:2      | Reached skill level 5 in Short Blades
  2921 | D:3      | Reached XP level 6. HP: 35/35 MP: 6/6
  2936 | D:3      | Noticed Grinder
  2966 | D:3      | Found a runed door.
  2971 | D:3      | Noticed Crazy Yiuf
  2976 | D:3      | Killed Crazy Yiuf
  2976 | D:3      | Reached skill level 6 in Short Blades
  3174 | D:3      | Paralysed by Grinder for 3 turns
  3179 | D:3      | Paralysed by Grinder for 4 turns
  3185 | D:3      | Paralysed by Grinder for 2 turns
  3188 | D:3      | Gained mutation: Your magical capacity is low. (-10% MP)
                  | [potion of mutation]
  3188 | D:3      | Gained mutation: You have large cloven feet. [potion of
                  | mutation]
  3188 | D:3      | Gained mutation: You are partially covered in icy blue
                  | scales. (AC +2) [potion of mutation]
  3188 | D:3      | Gained mutation: You have hoof-like feet. [potion of
                  | mutation]
  3189 | D:3      | Paralysed by Grinder for 4 turns
  3669 | D:3      | Killed Grinder
  3669 | D:3      | Reached skill level 7 in Short Blades
  3669 | D:3      | Reached skill level 5 in Stealth
  3669 | D:3      | Reached XP level 7. HP: 28/40 MP: 6/6
  3941 | D:4      | Got a warped robe
  3982 | D:3      | Identified the cursed +1 robe of Joshro Reoseo {rPois rF+
                  | Int-3} (You found it on level 4 of the Dungeon)
  4088 | D:4      | Reached skill level 5 in Crossbows
  4826 | D:4      | Reached XP level 8. HP: 17/44 MP: 7/7
  5311 | D:5      | Entered Level 5 of the Dungeon
  5470 | D:5      | Reached skill level 5 in Dodging
  5763 | D:5      | Found a glowing silver altar of Zin.
  5856 | D:5      | Lost mutation: Your magical capacity is low. (-10% MP)
                  | [potion of mutation]
  5856 | D:5      | Lost mutation: You have hoof-like feet. [potion of
                  | mutation]
  5856 | D:5      | Lost mutation: You have large cloven feet. [potion of
                  | mutation]
  5856 | D:5      | Gained mutation: Your muscles are strong. (Str +2) [potion
                  | of mutation]
  5856 | D:5      | Gained mutation: You can translocate small distances at
                  | will. [potion of mutation]
  5856 | D:5      | Gained mutation: You passively map a small area around you.
                  | [potion of mutation]
  6519 | D:6      | Found a shadowy altar of Dithmenos.
  6542 | D:6      | Became a worshipper of Dithmenos the Shadowed
  6605 | D:6      | Found an iron altar of Okawaru.
  6637 | D:6      | Found a staircase to the Ecumenical Temple.
  6677 | D:6      | Found a glowing drain.
  6834 | D:6      | Reached XP level 9. HP: 48/48 MP: 9/9
  7055 | D:6      | Found Ischeside's Assorted Antiques.
  7072 | D:6      | Bought a scroll labeled OTUFEIHIXA for 23 gold pieces
  7209 | D:6      | Reached * piety under Dithmenos
  7936 | D:7      | Reached skill level 5 in Fighting
  8260 | D:7      | Noticed Pikel
  8272 | D:7      | Killed Pikel
  8272 | D:7      | Reached XP level 10. HP: 62/64 MP: 10/10
  8313 | D:7      | Reached ** piety under Dithmenos
  8558 | D:7      | Reached skill level 8 in Short Blades
  8712 | D:7      | Found a burning altar of Makhleb.
  8712 | D:7      | Found an ornate altar of the Wu Jian Council.
  8992 | D:8      | Found a staircase to the Lair.
  9047 | D:8      | Reached skill level 9 in Short Blades
  9181 | D:8      | Found a radiant altar of Vehumet.
  9226 | D:8      | Found a basalt altar of Yredelemnul.
  9588 | D:8      | Found a blossoming altar of Fedhas.
  9724 | D:8      | Reached skill level 10 in Short Blades
 10051 | D:9      | Reached *** piety under Dithmenos
 10534 | D:9      | Reached skill level 11 in Short Blades
 10856 | D:9      | Found a staircase to the Orcish Mines.
 11093 | D:9      | Reached XP level 11. HP: 68/68 MP: 11/11
 11583 | D:9      | Reached **** piety under Dithmenos
 11589 | D:9      | Identified a scroll of acquirement
 11590 | D:9      | Got a warped rapier
 11592 | D:9      | Identified the +2 rapier of Intimidation {freeze, *Contam
                  | Str+3 Int+7 Dex+2} (You acquired it on level 9 of the
                  | Dungeon)
 11625 | D:9      | Gained mutation: You are frail. (-10% HP) [mutagenic glow]
 11799 | D:9      | Quit the game

Vault maps used:
D:1:      minmay_arrival_up_and_down
D:2:      nicolae_overflow_crystal_walls, chequers_ecumenical_altar_simple_redux
D:3:      uniq_grinder, uniq_crazy_yiuf_cottage
D:5:      zin_scriptorium, first_ration, kennysheep_cross_bottleneck
D:6:      lemuel_round_altar, nicolae_dithmenos_shadow_blocks, temple_green,
          gup_sewer_entry_pipe, serial_shops, shop, nrook_uturn
D:7:      gammafunk_temple_overflow_elements, uniq_pikel
D:8:      lemuel_round_altar, fedhas_altar_3, basic_altar
D:9:      kennysheep_kobold_camp, grunt_temple_overflow_opulence, orc_0_dummy

Skill      XL: |  1  2  3  4  5  6  7  8  9 10 |
---------------+-------------------------------+-----
Short Blades   | 1 3 4 5 7 11 | 11.7
Stealth        | 2 3 4 5 9 |  9.6
Crossbows      | 6 8 |  8.9
Dodging        | 4 7 |  7.8
Fighting       | 7 |  7.7

Action                   |  1- 3 |  4- 6 |  7- 9 | 10-12 || total
-------------------------+-------+-------+-------+-------++-------
Melee: Short sword       |    67 |   114 |   660 |   564 ||  1405
       Kick              |       |       |    35 |       ||    35
 Fire: Hand crossbow     |    15 |    45 |   127 |    72 ||   259
 Abil: Blink             |       |       |     1 |    10 ||    11
Evoke: Wand              |       |     5 |     2 |     1 ||     8
  Use: Potion            |       |     4 |     1 |     5 ||    10
       Scroll            |       |       |    11 |     4 ||    15
 Stab: Sleeping          |     6 |     2 |     8 |     4 ||    20
       Distracted        |       |       |       |     1 ||     1
  Eat: Chunk             |     9 |     6 |    17 |    10 ||    42
Armor: Leather armour    |    17 |    16 |     1 |       ||    34
       Robe              |       |       |    95 |    63 ||   158
Dodge: Dodged            |    61 |    80 |   501 |   380 ||  1022

Table legend:
 A = Non-vault XP
 B = Vault XP
 C = Vault XP percentage of total XP
 D = Non-vault monster count
 E = Vault monster count
 F = Vault count percentage of total count
                 A         B        C        D         E       F
            +---------+---------+-------+---------+---------+-------
      Total |    7280 |    1093 |  13.1 |     230 |      28 |  10.9
            +---------+---------+-------+---------+---------+-------
        D:1 |      24 |       0 |   0.0 |      14 |       0 |   0.0
        D:2 |     155 |       0 |   0.0 |      29 |       0 |   0.0
        D:3 |     106 |     304 |  74.1 |      19 |       2 |   9.5
        D:4 |     480 |       0 |   0.0 |      20 |       0 |   0.0
        D:5 |     539 |       0 |   0.0 |      18 |       0 |   0.0
        D:6 |     811 |      20 |   2.4 |      36 |       8 |  18.2
        D:7 |    1336 |     641 |  32.4 |      31 |       1 |   3.1
        D:8 |    1914 |       0 |   0.0 |      33 |       0 |   0.0
        D:9 |    1915 |     128 |   6.3 |      30 |      17 |  36.2
            +---------+---------+-------+---------+---------+-------
